 Dungeon Crawl Stone Soup version 0.23.2-1-ga50397a (webtiles) character file.

Game seed: 18335628094029426692

9 MalarOregon the Grave Robber (level 2, 0/20 HPs)
             Began as a Ghoul Necromancer on May 26, 2019.
             Slain by a hobgoblin
             ... wielding a +0 club
              (2 damage)
             ... on level 1 of the Dungeon.
             The game lasted 00:01:01 (129 turns).

MalarOregon the Grave Robber (Ghoul Necromancer)     Turns: 129, Time: 00:01:02

Health: 0/20       AC:  2    Str: 11    XL:     2   Next: 12%
Magic:  2/4        EV: 12    Int: 10    God:
Gold:   0          SH:  0    Dex:  9    Spells: 4/5 levels left

rFire    . . .     SeeInvis .   (no weapon)
rCold    + . .     Gourm    .   (no shield)
rNeg     + + +     Faith    .   a - +0 robe
rPois    ∞         Spirit   .   (no helmet)
rElec    .         Reflect  .   (no cloak)
rCorr    .         Harm     .   (no gloves)
MR       .....                  (no boots)
Stlth    ++........             (no amulet)
HPRegen  0.00/turn              (no ring)
MPRegen  0.09/turn              (no ring)

@: rotting
A: rotting body, claws 1, carnivore, cold resistance 1, negative energy
resistance 3, inhibited regeneration, torment resistance, unbreathing
a: no special abilities


You were on level 1 of the Dungeon.
You were not hungry.

You visited 1 branch of the dungeon, and saw 1 of its levels.

Inventory:

Hand Weapons
 d - a +0 dagger
   (You took it off a kobold on level 1 of the Dungeon)
Missiles
 c - 16 stones (quivered)
Armour
 a - a +0 robe (worn)
Comestibles
 b - 2 chunks of flesh
 e - a ration {!d}


   Skills:
 - Level 2.0 Dodging
 + Level 2.4 Stealth
 + Level 2.0 Spellcasting
 + Level 4.1 Necromancy


You had 4 spell levels left.
You knew the following spells:

 Your Spells              Type           Power        Failure   Level  Hunger
a - Pain                  Necr           #...         6%          1    ##.....

Your spell library contained the following spells:

 Spells                   Type           Power        Failure   Level  Hunger
 Animate Skeleton         Necr           N/A          6%          1    ##.....
 Vampiric Draining        Necr           #.........   17%         3    ####...
 Regeneration             Chrm/Necr      #.........   38%         3    ####...
 Animate Dead             Necr           N/A          50%         4    #####..


Dungeon Overview and Level Annotations

Branches:
Dungeon (1/15)

Altars:


Innate Abilities, Weirdness & Mutations

Your body is rotting away.
You thrive on raw meat.
You are immune to poison.
You have sharp fingernails.
You are carnivorous and can eat meat at any time.
Your flesh is cold resistant. (rC+)
You are immune to negative energy. (rN+++)
You do not regenerate when monsters are visible.
You are immune to unholy pain and torment.
You can survive without breathing.


Message History

The hobgoblin misses you.
You scratch the hobgoblin.
You kill the hobgoblin!
Training target 2.0 for Dodging reached!
Your Dodging skill increases to level 2!
You have reached level 2!
The kobold hits you with a +0 dagger.
You scratch the kobold. The kobold hits you but does no damage.
You scratch the kobold.
You kill the kobold!
Your Spellcasting skill increases to level 2!
A hobgoblin comes into view. It is wielding a +0 club.
The hobgoblin shouts!
Things that are here:
a +0 dagger; an uncursed ring of positive energy; a kobold corpse
d - a +0 dagger Wield which item (- for none, * to show all)? (? for menu, Esc to quit)
d - a +0 dagger (weapon)
You see here 10 gold pieces.
You hit the hobgoblin. The hobgoblin misses you.
You closely miss the hobgoblin. The hobgoblin barely misses you.
You barely miss the hobgoblin. The hobgoblin hits you with a +0 club.
You hit the hobgoblin. The hobgoblin hits you with a +0 club.
* * * LOW HITPOINT WARNING * * *
You are now empty-clawed.
You are too injured to fight recklessly!
Unknown command.
Really attack barehanded? [Y]es or [N]o only, please.
Really attack barehanded? [Y]es or [N]o only, please.
Really attack barehanded? [Y]es or [N]o only, please.
Really attack barehanded? [Y]es or [N]o only, please.
Really attack barehanded? [Y]es or [N]o only, please.
Really attack barehanded?
You scratch the hobgoblin.
The hobgoblin hits you but does no damage.
You scratch the hobgoblin but do no damage.
The hobgoblin barely misses you.
You closely miss the hobgoblin. The hobgoblin hits you with a +0 club.
* * * LOW HITPOINT WARNING * * *
Things that are here:
an uncursed ring of positive energy; a kobold corpse
Aim: a hobgoblin, wielding a +0 club (heavily wounded, chance to defeat MR: 76%)
The hobgoblin writhes in agony.
The hobgoblin hits you with a +0 club.
You die...

# #.#...## #...#.. .
#.#.#.#.### ##.#.#.#.#.#
####..........#
##....#....#.#.# #
#.....##...#.#.# ##
#######...#......#.#.########.
.......$.##.#@##...#.......##.
########.=...g#......#####....
##..##........# #.##.
#...#.###...## #..+.
...#.......>.# #####
#.#####.#####.# # #. #... ..#
# ##### ###


You could see a hobgoblin.

Vanquished Creatures
  2 dart slugs (D:1)
  A hobgoblin (D:1)
  A kobold (D:1)
  A frilled lizard (D:1)
5 creatures vanquished.

Notes
Turn   | Place    | Note
-------+----------+-------------------------------------------
     0 | D:1      | MalarOregon the Ghoul Necromancer began the quest for the
                  | Orb.
     0 | D:1      | Reached XP level 1. HP: 14/14 MP: 2/2
    93 | D:1      | Reached XP level 2. HP: 18/20 MP: 0/3
   129 | D:1      | Slain by a hobgoblin

Skill      XL: |  1  2 |
---------------+-------+-----
Dodging        | 2 |  2.0
Spellcasting   | 2 |  2.0
Stealth        | |  2.4
Necromancy     | |  4.1

Action                   || total
-------------------------++-------
Melee: Unarmed           ||    20
       Dagger            ||     4
 Cast: Pain              ||     6
Armor: Robe              ||     5
Dodge: Dodged            ||     7
